 Dungeon Crawl Stone Soup version 0.25-a0-589-g1e14c549ee (webtiles) character file.

Game seed: 2685137887858054494, levelgen mode: deterministic

2053 Kohma the Spear-Bearer (level 9, 0/61 HPs)
             Began as a Demonspawn Gladiator on Mar 11, 2020.
             Was a Follower of Makhleb.
             Slain by a yak (11 damage)
             ... on level 6 of the Dungeon.
             The game lasted 00:12:11 (6270 turns).

Kohma the Spear-Bearer (Demonspawn Gladiator)       Turns: 6270, Time: 00:12:11

Health: 0/61       AC:  6    Str: 16    XL:     9   Next: 4%
Magic:  12/12      EV: 14    Int: 12    God:    Makhleb [*.....]
Gold:   240        SH:  0    Dex: 16    Spells: 8/8 levels left

rFire    + . .     SeeInvis .   a - +1 trident
rCold    + . .     Gourm    .   (no shield)
rNeg     . . .     Faith    .   D - +2 robe "Qixuc Foe" {rF+}
rPois    .         Spirit   .   c - +0 helmet
rElec    .         Reflect  .   (no cloak)
rCorr    .         Harm     .   m - +0 pair of gloves
MR       .....                  (no boots)
Stlth    +.........             (no amulet)
HPRegen  0.20/turn              v - ring of protection from cold
MPRegen  0.13/turn              B - +2 ring of dexterity

@: no status effects
A: spiny 2, rot immunity
a: Renounce Religion


You were on level 6 of the Dungeon.
You worshipped Makhleb.
Makhleb was aware of your devotion.
You were not hungry.

You visited 2 branches of the dungeon, and saw 7 of its levels.

You collected 374 gold pieces.
You spent 134 gold pieces at shops.

Inventory:

Hand Weapons
 a - a +1 trident (weapon)
 b - a +1 whip of venom
 y - a +2 whip of flaming
Missiles
 d - 3 throwing nets (quivered)
 u - 11 poisoned darts
Armour
 c - a +0 helmet (worn)
 m - a +0 pair of gloves (worn)
 t - a +0 leather armour of poison resistance
 D - the +2 robe "Qixuc Foe" (worn) {rF+}
   (You bought it in a shop on level 4 of the Dungeon)

   It protects you from fire.
Magical Staves
 A - an uncursed staff of death {unknown}
Jewellery
 v - a ring of protection from cold (left hand)
 B - a +2 ring of dexterity (right hand)
 G - an uncursed ring of ice
Wands
 l - a wand of polymorph (9)
 p - a wand of flame (15)
 s - a wand of acid (21)
Scrolls
 n - a scroll of teleportation
 o - 3 scrolls of remove curse
 q - a scroll of fear {unknown}
 E - 2 scrolls of immolation
Potions
 e - 4 potions of curing
 h - a potion of brilliance
 i - 3 potions of flight
 j - a potion of heal wounds {unknown}
 k - 2 potions of lignification
 r - a potion of haste {unknown}
 w - a potion of magic {unknown}
 z - a potion of stabbing {unknown}
 F - a potion of cancellation {unknown}
 H - a potion of might {unknown}
Comestibles
 f - 9 rations
 g - 9 chunks of flesh


   Skills:
 - Level 2.0 Fighting
 + Level 9.1 Polearms
 - Level 1.7 Throwing
 - Level 3.9 Armour
 - Level 4.2 Dodging
 - Level 5.2 Invocations


You had 8 spell levels left.
You didn't know any spells.
Your spell library was empty.

Dungeon Overview and Level Annotations

Branches:
Dungeon (6/15)             Temple (1/1) D:4

Altars:
Ashenzari
Cheibriados
Dithmenos
Elyvilon
Fedhas
Gozag
Hepliaklqana
Kikubaaqudgha
Makhleb
Nemelex Xobeh
Okawaru
Qazlal
Ru
Trog
Uskayaw
Vehumet
Wu Jian
Xom
Yredelemnul
Zin
The Shining One

Shops:
D:4 *


Innate Abilities, Weirdness & Mutations

You are mostly covered in sharp spines.
You are immune to rotting.


Message History

You closely miss the gnoll.
The gnoll is almost dead.
The yak is struck by your spines. The yak barely misses you.
The yak closely misses you.
You hit the gnoll.
You kill the gnoll!
Makhleb accepts your kill. The yak closely misses you.
The gnoll hits you with a +0 spear! The yak is struck by your spines.
The yak misses you. The yak gores you!
* * * LOW HITPOINT WARNING * * *
The yak gores you.
* * * LOW HITPOINT WARNING * * *
You see here a +0 halberd.
You hit the yak.
The yak is severely wounded.
The gnoll closely misses you. The yak is struck by your spines.
The yak barely misses you.
The phantom blinks!
The yak is struck by your spines. The yak gores you!
You die...

##......####......(..#..#####.,,,
##'########........(+....# *,**,
###'###..(...........##.#.#**,,,,
.....##........#######*.#...,***,
.....##........# *.#*##.* *,
.....'.........# *.#***,**#.
.....##........##### *,,,,,,,,#,
.....##........#.Y.####.,,,,**,*,
#######........Y@YYY..Y.,,,,,*,*,
#.......)#g..#####,,,,,*,,,
#........#...# *,,,,,****
##########..ยง# *,,,,,,,,,
**#...#****,,,,*****
*,....%,,**,,,,* *
*,......,**,,,,* *
*,.......****'** *
*,,,,,,,,**,,,* ****


You could see 6 yaks and a gnoll.

Vanquished Creatures
  Pikel (D:4)
  Sigmund (D:5)
  Eustachio (D:5)
  4 slaves
  2 sky beasts (D:6)
  2 ogres
  A centaur (D:6)
  Blork the orc (D:5)
  2 bullfrogs (D:6)
  A scorpion (D:4)
  A crimson imp (D:6)
  A bullfrog zombie (D:5)
  A hound (D:6)
  2 bullfrog skeletons
  2 orc priests (D:6)
  An iguana (D:4)
  Natasha (thrice) (D:4)
  An orc wizard (D:6)
  2 worker ants
  A hound skeleton (D:4)
  5 gnolls (D:6)
  A howler monkey skeleton (D:6)
  7 adders
  An ooze (D:1)
  An adder skeleton (D:4)
  3 worms
  2 dart slugs
  5 leopard geckos
  10 orcs
  5 bats
  3 giant cockroaches
  6 hobgoblins
  5 jackals
  8 kobolds
  3 quokkas
  5 frilled lizards
  A giant cockroach zombie (D:6)
  4 goblins
  9 rats
115 creatures vanquished.

Notes
Turn   | Place    | Note
-------+----------+-------------------------------------------
     0 | D:1      | Kohma the Demonspawn Gladiator began the quest for the Orb.
     0 | D:1      | Reached XP level 1. HP: 16/16 MP: 1/1
    54 | D:1      | Gained mutation: You are partially covered in sharp spines.
                  | [demonic ancestry]
    54 | D:1      | Reached XP level 2. HP: 16/22 MP: 2/2
   390 | D:1      | Reached skill level 3 in Polearms
   427 | D:1      | Reached skill level 1 in Armour
   935 | D:2      | Gained mutation: You are mostly covered in sharp spines.
                  | [demonic ancestry]
   935 | D:2      | Reached XP level 3. HP: 24/27 MP: 3/3
  1173 | D:2      | Found a shattered altar of Ashenzari.
  1395 | D:2      | Reached XP level 4. HP: 3/33 MP: 4/4
  2496 | D:3      | You fall into a shaft and drop 2 floors!
  2496 | D:5      | Entered Level 5 of the Dungeon
  2514 | D:5      | Reached XP level 5. HP: 10/38 MP: 5/5
  2832 | D:5      | Noticed Eustachio
  2851 | D:5      | Killed Eustachio
  2851 | D:5      | Reached skill level 4 in Polearms
  2851 | D:5      | Reached XP level 6. HP: 33/44 MP: 6/6
  3062 | D:5      | Noticed Blork the orc
  3070 | D:5      | Killed Blork the orc
  3345 | D:5      | Noticed Sigmund
  3356 | D:5      | Killed Sigmund
  3356 | D:5      | Reached XP level 7. HP: 50/50 MP: 7/7
  3653 | D:4      | Noticed Pikel
  3851 | D:4      | Killed Pikel
  3851 | D:4      | Reached skill level 7 in Polearms
  4217 | D:4      | Reached XP level 8. HP: 56/56 MP: 8/8
  4354 | D:4      | Noticed Natasha
  4361 | D:4      | Killed Natasha
  4369 | D:4      | Found Ominahoa's Assorted Antiques.
  4452 | D:4      | Bought a scroll labeled ROEMAC REYTOENG for 20 gold pieces
  4452 | D:4      | Bought a steaming robe for 114 gold pieces
  4462 | D:4      | Identified the +2 robe "Qixuc Foe" {rF+} (You bought it in
                  | a shop on level 4 of the Dungeon)
  4517 | D:4      | Found a staircase to the Ecumenical Temple.
  4540 | Temple   | Entered the Ecumenical Temple
  4650 | Temple   | Became a worshipper of Makhleb the Destroyer
  4720 | D:4      | Reached skill level 1 in Invocations
  5000 | D:4      | Noticed Natasha
  5009 | D:4      | Killed Natasha
  5216 | D:4      | Found a staircase to the Ecumenical Temple.
  5218 | D:4      | Noticed Natasha
  5225 | D:4      | Killed Natasha
  5225 | D:4      | Reached skill level 8 in Polearms
  6014 | D:6      | Reached skill level 5 in Invocations
  6056 | D:6      | Reached skill level 9 in Polearms
  6056 | D:6      | Gained mutation: You are immune to rotting. [demonic
                  | ancestry]
  6056 | D:6      | Reached XP level 9. HP: 38/61 MP: 12/12
  6184 | D:6      | Reached * piety under Makhleb
  6270 | D:6      | Slain by a yak

Levels and vault maps discovered:
D:1:      lightli_arrival_noodles, layout_basic
D:2:      layout_loops_corners, evilmike_ruin_ashenzari
D:3:      layout_basic, first_ration, minmay_parallelograms,
          corexii_corridor_pit
D:4:      layout_basic, minmay_temple_entry_wispy, serial_shops, shop,
          corexii_shack, minmay_quantized, uniq_pikel, uniq_natasha
D:5:      layout_basic, uniq_blork_the_orc, uniq_sigmund, uniq_eustachio
D:6:      layout_basic, kennysheep_generic_room_7
Temple:   kilobyte_greek_temple

Skill      XL: |  1  2  3  4  5  6  7  8 |
---------------+-------------------------+-----
Polearms       | 3 4 7 9 |  9.1
Armour         | 1 2 3 |  3.9
Dodging        | 3 4 |  4.2
Invocations    | 5 |  5.2
Fighting       | |  2.0
Throwing       | |  1.7

Action                   |  1- 3 |  4- 6 |  7- 9 || total
-------------------------+-------+-------+-------++-------
Melee: Trident           |    86 |    59 |    56 ||   201
       Whip              |       |    22 |   107 ||   129
  Use: Scroll            |       |       |    12 ||    12
 Stab: Sleeping          |       |       |     2 ||     2
  Eat: Chunk             |     2 |     4 |     5 ||    11
       Ration            |       |       |     2 ||     2
Armor: Leather armour    |    15 |    32 |     7 ||    54
       Robe              |       |       |    15 ||    15
Dodge: Dodged            |    61 |    60 |   112 ||   233

Table legend:
 A = Non-vault XP
 B = Vault XP
 C = Vault XP percentage of total XP
 D = Non-vault monster count
 E = Vault monster count
 F = Vault count percentage of total count
                 A         B        C        D         E       F
            +---------+---------+-------+---------+---------+-------
      Total |    1702 |    1232 |  42.0 |     103 |       8 |   7.2
            +---------+---------+-------+---------+---------+-------
        D:1 |      37 |       0 |   0.0 |      19 |       0 |   0.0
        D:2 |      98 |       0 |   0.0 |      18 |       0 |   0.0
        D:3 |      58 |       0 |   0.0 |      21 |       0 |   0.0
        D:4 |     445 |     728 |  62.1 |      16 |       5 |  23.8
        D:5 |      58 |     504 |  89.7 |       4 |       3 |  42.9
        D:6 |    1006 |       0 |   0.0 |      25 |       0 |   0.0
            +---------+---------+-------+---------+---------+-------
